 Dungeon Crawl Stone Soup version 0.30.0-29-ga12c61a403 (webtiles) character file.

Game seed: 1797584047450326302

109 monsoonserge the Slasher (level 4, -3/36 HPs)
             Began as a Demonspawn Monk on June 14, 2023.
             Was a High Priest of Ignis.
             Slain by a gnoll
             ... wielding a +0 halberd
              (8 damage)
             ... on level 3 of the Dungeon.
             The game lasted 00:04:28 (2401 turns).

monsoonserge the Slasher (Demonspawn Monk)          Turns: 2401, Time: 00:04:28

Health: -3/36      AC: 14    Str: 12    XL:     4   Next: 60%
Magic:  4/4        EV: 10    Int: 11    God:    Ignis [*****.]
Gold:   147        SH:  0    Dex: 17    Spells: 3/3 levels left

rFire   + . .        a - +0 falchion
rCold   . . .        d - orb {light}
rNeg    + . .        k - +0 scale mail
rPois   .            q - +0 helmet
rElec   .            (no cloak)
rCorr   .            (no gloves)
SInv    .            (no boots)
Will    .....        (no amulet) Stlth
                     l - ring of positive energy
HPRegen 0.26/turn    (no ring)
MPRegen 0.09/turn

%: no passive effects
@: fiery-armoured, glowing
A: hooves 1, powered by death 1, powered by pain 1
a: Renounce Religion, Fiery Armour, Foxfire Swarm, Rising Flame


You were on level 3 of the Dungeon.
You worshipped Ignis.
Ignis was extremely pleased with you.
You visited 1 branch of the dungeon, and saw 4 of its levels.

You collected 147 gold pieces.

Inventory:

Hand Weapons
 a - a +0 falchion (weapon)
Missiles
 v - 3 boomerangs (quivered)
Armour
 d - an orb of light (worn)
 e - a +0 leather armour
 k - a +0 scale mail (worn)
 m - a +0 ring mail
 q - a +0 helmet (worn)
Jewellery
 l - a ring of positive energy (left hand)
Wands
 p - a wand of acid (7)
Scrolls
 f - a scroll of butterflies {unknown}
 h - a scroll of teleportation {unknown}
 j - a scroll of enchant weapon {unknown}
 n - 4 scrolls of identify {unknown}
 r - a scroll of enchant armour {unknown}
 t - a scroll of poison {unknown}
Potions
 b - a potion of degeneration {unknown}
 c - a potion of ambrosia
 g - a potion of berserk rage {unknown}
 i - a potion of resistance {unknown}
 o - a potion of invisibility {unknown}
 s - a potion of curing {unknown}
 u - a potion of attraction {unknown}


   Skills:
 + Level 3.6 Fighting
 + Level 3.7 Long Blades
 + Level 1.5 Armour
 + Level 3.2 Dodging


You had 3 spell levels left.
You didn't know any spells.
Your spell library contained the following spells:

 Spells                   Type           Power      Damage    Failure   Level
 Slow                     Hex            0%         N/A       88%         1
 Confusing Touch          Hex            0%         N/A       99%         3
 Vampiric Draining        Necr           0%         2d6       99%         3
 Volatile Blastmotes      Fire/Tloc      0%         2d10      99%         3
 Fulminant Prism          Conj/Hex       0%         3d5       100%        4
 Iskenderun's Mystic Bla  Conj/Tloc      0%         2d3       100%        4
 Lee's Rapid Deconstruct  Erth           0%         3d4*      100%        5


Dungeon Overview and Level Annotations

Branches:
Dungeon (4/15)
 Temple: D:4-7

Altars:
Ignis


Innate Abilities, Weirdness & Mutations

You have large cloven feet.
You regenerate a little health from kills.
You sometimes gain a little power by taking damage.


Message History

The gnoll hits you from afar with a +0 halberd!
* * * LOW HITPOINT WARNING * * *
Okay, then.
Okay, then.
Okay, then.
A protective cloak of flame settles atop you.
You can no longer rocket upward and away.
The gnoll closely misses you. The gnoll misses you.
Unknown command.
Okay, then.
You hit the gnoll. You kick the gnoll.
The gnoll is heavily wounded.
The gnoll hits you with a +0 club.
* * * LOW HITPOINT WARNING * * *
The gnoll is burned by your cloak of flames.
The gnoll is severely wounded.
The gnoll barely misses you.
You hit the gnoll.
You kill the gnoll!
The gnoll closely misses you.
You hit the gnoll.
The gnoll is lightly wounded.
The gnoll hits you with a +0 flail.
* * * LOW HITPOINT WARNING * * *
The gnoll is burned by your cloak of flames.
The gnoll is heavily wounded.
The gnoll misses you.
You hit the gnoll. You kick the gnoll.
You kill the gnoll!
The gnoll hits you but does no damage. The gnoll hits you with a +0 halberd.
* * * LOW HITPOINT WARNING * * *
The gnoll is burned by your cloak of flames.
The gnoll is moderately wounded.
Things that are here:
a +0 flail; a +0 club; a gnoll corpse You hit the gnoll.
The gnoll is severely wounded.
The gnoll hits you with a +0 halberd!
You die...

###........#######....#.## #
.##........#..........#.#
..#........#..........#.########
#.#........#..........#........#
#..........#..........########.#
##.........................# #.##
...........#####.#########.# #.#.
.....#........##.# #.# #.#.
.....########.##@#### #.# #.#.
.....########..g....# #.# #.#.
.....#............#.######.# #.#.
.....#............)........# #.#.
.....#............#.##########.#.
.....#.........[....#...<#...#.#.
######............###...##.......
#............#.......##.#.##
#............#.#.....##.#.#.


You could see a gnoll.

Vanquished Creatures
  Jessica (D:2)
  2 gnolls (D:3)
  2 adders
  A dart slug (D:2)
  An orc (D:3)
  2 ball pythons
  5 bats
  2 endoplasms
  2 giant cockroaches
  5 goblins
  3 hobgoblins
  4 jackals
  A quokka (D:1)
  2 frilled lizards
  6 kobolds
  4 rats
43 creatures vanquished.

Notes
Turn   | Place    | Note
-------+----------+-------------------------------------------
     0 | D:1      | monsoonserge the Demonspawn Monk began the quest for the
                  | Orb.
     0 | D:1      | Reached XP level 1. HP: 18/18 MP: 1/1
   148 | D:1      | Gained mutation: You sometimes gain a little power by
                  | taking damage. [demonic ancestry]
   148 | D:1      | Reached XP level 2. HP: 24/24 MP: 2/2
   326 | D:1      | Found a faded altar of an unknown god.
   330 | D:1      | Prayed at the altar of an unknown god.
   330 | D:1      | Became a worshipper of Ignis, the Dying Flame
   330 | D:1      | Reached ****** piety under Ignis
  1186 | D:2      | Gained mutation: You regenerate a little health from kills.
                  | [demonic ancestry]
  1186 | D:2      | Reached XP level 3. HP: 20/29 MP: 3/3
  1490 | D:2      | Noticed Jessica
  1493 | D:2      | Killed Jessica
  1494 | D:2      | Reached skill level 1 in Armour
  1494 | D:2      | Gained mutation: You have large cloven feet. [demonic
                  | ancestry]
  1494 | D:2      | Reached XP level 4. HP: 34/35 MP: 4/4
  2401 | D:3      | Slain by a gnoll

Illustrated notes

Levels and vault maps discovered:
D:1:      giann_horns, layout_loops_corners, basic_ecumenical_altar,
          minmay_misc_feat_x
D:2:      layout_loops_cross, uniq_jessica
D:3:      layout_basic
D:4:      layout_rooms, minmay_temple_entry_large_hall,
          ebering_ghost_disaster_area

Skill      XL: |  1  2  3 |
---------------+----------+-----
Long Blades    | 3 |  3.7
Dodging        | 3 |  3.2
Armour         | 1 |  1.5
Fighting       | |  3.6

Action                     |  1- 3 |  4- 6 || total
---------------------------+-------+-------++-------
  Melee: Falchion          |    67 |    25 ||    92
         Kick              |       |     7 ||     7
 Invoke: Fiery Armour      |       |     1 ||     1
 Armour: Leather armour    |     3 |       ||     3
         Scale mail        |    14 |     9 ||    23
  Dodge: Dodged            |    34 |    16 ||    50
